AoeStats
← tom

Arabia

507110240Analyzed
1v1 RM · 16d ago on Sep 16, 2026· 27m 31s· 2 players
Game mode
Random Map
Map size
Tiny (2 player)
Population
200
Speed
Normal
Resources
Standard
Victory
Conquest
Starting age
Dark Age
Ending age
Imperial Age
RankedLock teamsTeams togetherTeam positionsShared explorationLock speedFull tech treeHidden civsTurbo modeCheats
Victory
Defeat
🇱🇻 Japanese · Latvia
704
+15
🇧🇷 Turks · Brazil
680
-15
BELTRA
7:04 Loom
9:52 Feudal Age
10:54 Horse Collar
21:56 Double-Bit Axe
28:36 Castle Age
tom
6:56 Loom
10:00 Feudal Age
10:02 Man-at-Arms
11:38 Arson
12:36 Double-Bit Axe
14:49 Horse Collar
15:12 Scale Mail Armor
20:22 Wheelbarrow
21:14 Forging
23:33 Castle Age
22:45 Scale Barding Armor
24:23 Bloodlines
24:18 Husbandry
26:00 Gold Mining
Connection lost

Rejoining the realm…

Still unreachable

The connection could not be restored.

Session expired

The server has moved on; the page needs a fresh start.